[Event "12th KIIT International 2019"]
[Site "Odisha"]
[Date "2019.05.31"]
[Round "1"]
[White "Rahman, Ziaur"]
[Black "Srujan Keerthan Solletti"]
[Result "1-0"]
[ECO "A14"]
[WhiteElo "2485"]
[BlackElo "1813"]
[Annotator "ChessBase"]
[PlyCount "77"]
[EventDate "2019.05.31"]
[EventType "swiss"]
[EventCountry "IND"]
[SourceTitle "playchess.com"]
[Source "ChessBase"]
[SourceQuality "1"]
[TimeControl "40/5400+30:1800+30"]

1. Nf3 Nf6 2. c4 e6 3. g3 d5 4. Bg2 Be7 5. O-O O-O 6. b3 b6 7. Bb2 Bb7 8. e3 Nbd7 9. Nc3 Ne4 10. cxd5 exd5 11. d4 Ndf6 12. Qc2 Nxc3 13. Bxc3 Ne4 14. Bb2 Bd6 15. Ne5 c5 16. dxc5 Rc8 17. c6 Bxe5 18. Bxe5 Bxc6 19. Qb2 f6 20. Bd4 Qe7 21. Rac1 Qe6 22. a4 Bb7 23. b4 Rxc1 24. Rxc1 Rc8 25. Rxc8+ Qxc8 26. a5 Nd6 27. axb6 Nc4 28. Qe2 axb6 29. h4 Qf8 30. Qg4 Qe7 31. Qf4 Ne5 32. Bxb6 Qd7 33. Bd4 Nc6 34. Bb2 Nd8 35. Qd4 Ne6 36. Qb6 Qc6 37. Qxc6 Bxc6 38. Kf1 Kf7 39. Ke2 1-0

[Event "12th KIIT International 2019"]
[Site "Odisha"]
[Date "2019.05.31"]
[Round "1"]
[White "Nguyen, Van Huy"]
[Black "Smaraki, Mohanty"]
[Result "1-0"]
[ECO "A77"]
[WhiteElo "2456"]
[BlackElo "1809"]
[Annotator "ChessBase"]
[PlyCount "78"]
[EventDate "2019.05.31"]
[EventType "swiss"]
[EventCountry "IND"]
[SourceTitle "playchess.com"]
[Source "ChessBase"]
[SourceQuality "1"]
[TimeControl "40/5400+30:1800+30"]

1. d4 Nf6 2. c4 e6 3. Nf3 c5 4. d5 exd5 5. cxd5 d6 6. Nc3 g6 7. Nd2 Bg7 8. e4 O-O 9. Be2 a6 10. a4 Re8 11. O-O Nfd7 12. Qc2 Nf8 13. Nc4 g5 14. a5 Qe7 15. f4 h6 16. e5 dxe5 17. d6 Qd8 18. fxg5 hxg5 19. Nb6 Ra7 20. Nxc8 Qxc8 21. Bh5 Qd8 22. Be2 Qc8 23. Bh5 Ng6 24. Be2 Nf8 25. Bh5 Ng6 26. Be2 Nf8 27. Bh5 Ng6 28. Be2 Nf8 29. Bh5 Ng6 30. Be2 Nf8 31. Bh5 Ng6 32. Be2 Nf8 33. Bh5 Ng6 34. Be2 Nf8 35. Bh5 Ng6 36. Be2 Nf8 37. Bh5 Ng6 38. Be2 Nf8 39. Bh5 Ng6 1-0

[Event "12th KIIT International 2019"]
[Site "Odisha"]
[Date "2019.05.31"]
[Round "1"]
[White "Laxman, R.R."]
[Black "Trivedi Karan R"]
[Result "1-0"]
[ECO "E12"]
[WhiteElo "2446"]
[BlackElo "1804"]
[Annotator "ChessBase"]
[PlyCount "62"]
[EventDate "2019.05.31"]
[EventType "swiss"]
[EventCountry "IND"]
[SourceTitle "playchess.com"]
[Source "ChessBase"]
[SourceQuality "1"]
[TimeControl "40/5400+30:1800+30"]

1. d4 Nf6 2. Nf3 e6 3. c4 b6 4. a3 Bb7 5. Nc3 Bc8 6. Nb1 Bb7 7. Nc3 Be7 8. d5 exd5 9. cxd5 O-O 10. g3 b5 11. Bg2 a5 12. Nh4 b4 13. Nb5 d6 14. Nf5 Re8 15. axb4 axb4 16. Rxa8 Bxa8 17. Nxe7+ Qxe7 18. O-O Na6 19. Be3 Nc5 20. Qd4 Qd7 21. Qc4 Nfe4 22. Ra1 Bb7 23. Nd4 h6 24. Ra7 Nf6 25. Nc6 Bc8 26. Bf3 Nce4 27. Nxb4 Qh3 28. Nd3 Qf5 29. Rxc7 Bd7 30. b4 Nxd5 31. Rxd7 Nxe3 1-0

[Event "12th KIIT International 2019"]
[Site "Odisha"]
[Date "2019.05.31"]
[Round "1"]
[White "Khusenkhojaev, Muhammad"]
[Black "Potluri Supreetha"]
[Result "1-0"]
[ECO "A13"]
[WhiteElo "2445"]
[BlackElo "1798"]
[Annotator "ChessBase"]
[PlyCount "183"]
[EventDate "2019.05.31"]
[EventType "swiss"]
[EventCountry "IND"]
[SourceTitle "playchess.com"]
[Source "ChessBase"]
[SourceQuality "1"]
[TimeControl "40/5400+30:1800+30"]

1. Nf3 c5 2. b3 Nc6 3. Bb2 Nb8 4. Bc1 Nc6 5. Bb2 Nf6 6. c4 e6 7. g3 d5 8. cxd5 exd5 9. Bg2 d4 10. O-O Be7 11. e3 Bf5 12. Na3 Bc8 13. Nb1 Bf5 14. Na3 Bc8 15. Nb1 Bf5 16. Na3 O-O 17. Nc4 Bd3 18. Re1 Nb4 19. Rf1 Nc6 20. Re1 Nb4 21. Nce5 Nc6 22. Nc4 Nb4 23. Nce5 Bc2 24. Qc1 Bd3 25. Qd1 Bc2 26. Qc1 Bd3 27. Qd1 Bc2 28. Qc1 Be4 29. Qd1 Bc2 30. Qc1 Be4 31. exd4 cxd4 32. Nxd4 Bxg2 33. Kxg2 Qd5+ 34. Ndf3 Rac8 35. Bc3 Bd6 36. Bb2 Be7 37. Bc3 Bd6 38. a3 Ne4 39. Qb1 Nf6 40. Qc1 Ne4 41. Qb1 Nf6 42. Qc1 Ne4 43. Qb1 Ng5 44. Qc1 Ne4 45. Qb1 Ng5 46. Qc1 Ne4 47. Qb1 Ng5 48. Bxb4 Bxe5 49. Qf5 Nxf3 50. Qxf3 Qxf3+ 51. Kxf3 Bxa1 52. Bxf8 Kxf8 53. Rxa1 Ke7 54. Re1+ Kd6 55. Ra1 Ke7 56. Re1+ Kd6 57. Ra1 Ke7 58. Re1+ Kd6 59. Re3 Kd5 60. Re1 Kd6 61. Re3 Kd5 62. Re7 Kd6 63. Re3 Kd5 64. Re7 Kd6 65. Re3 Kd5 66. Re7 Kd6 67. Re3 Kd5 68. Re7 Kd6 69. Re3 Kd5 70. Re7 Kd6 71. Re3 Kd5 72. Re7 Kd6 73. Re3 Kd5 74. Re7 Kd6 75. Re3 Kd5 76. Re7 Kd6 77. Re3 Kd5 78. Re7 Kd6 79. Re3 Kd5 80. Re7 Kd6 81. Re3 Kd5 82. Re7 Kd6 83. Re3 Kd5 84. Re7 Kd6 85. Re3 Kd5 86. Re7 Kd6 87. Re3 Kd5 88. Re7 Kd6 89. Re3 Kd5 90. Re7 Kd6 91. Re3 Kd5 92. Re7 1-0

[Event "12th KIIT International 2019"]
[Site "Odisha"]
[Date "2019.05.31"]
[Round "1"]
[White "Rakesh Kumar Jena"]
[Black "Lakshmi C"]
[Result "1/2-1/2"]
[ECO "D02"]
[WhiteElo "2411"]
[BlackElo "1786"]
[Annotator "ChessBase"]
[PlyCount "66"]
[EventDate "2019.05.31"]
[EventType "swiss"]
[EventCountry "IND"]
[SourceTitle "playchess.com"]
[Source "ChessBase"]
[SourceQuality "1"]
[TimeControl "40/5400+30:1800+30"]

1. Nf3 Nf6 2. d4 e6 3. Bf4 d5 4. e3 Bd6 5. Bg3 O-O 6. Nbd2 c5 7. c3 Nc6 8. Bb5 a6 9. Bxc6 bxc6 10. Qa4 Bb7 11. Qa3 Bxg3 12. hxg3 c4 13. Qa4 Nd7 14. Qc2 f5 15. g4 Qf6 16. g5 Qf7 17. O-O-O g6 18. Rh6 Qe7 19. Rdh1 Rf7 20. Qa4 a5 21. R6h4 Rg7 22. g4 Qd6 23. gxf5 exf5 24. Nf1 Nb6 25. Qc2 Ba6 26. Ne5 Bb5 27. Ng3 Rf8 28. f4 Nd7 29. Qh2 Nxe5 30. fxe5 Qe7 31. Ne2 Ba6 32. Nf4 Bc8 33. Qh3 Rff7 1/2-1/2

[Event "12th KIIT International 2019"]
[Site "Odisha"]
[Date "2019.05.31"]
[Round "1"]
[White "Bhagyashree Patil"]
[Black "Vasquez Schroeder, Rodrigo"]
[Result "0-1"]
[ECO "B85"]
[WhiteElo "1812"]
[BlackElo "2476"]
[Annotator "ChessBase"]
[PlyCount "78"]
[EventDate "2019.05.31"]
[EventType "swiss"]
[EventCountry "IND"]
[SourceTitle "playchess.com"]
[Source "ChessBase"]
[SourceQuality "1"]
[TimeControl "40/5400+30:1800+30"]

1. e4 c5 2. Nf3 d6 3. d4 cxd4 4. Nxd4 Nf6 5. Nc3 a6 6. Be3 e6 7. Be2 Be7 8. O-O O-O 9. f4 Qc7 10. Bf3 Nc6 11. Be2 Nb8 12. Bf3 Nc6 13. Be2 Nb8 14. Bf3 Nc6 15. Be2 Nb8 16. Bf3 Nc6 17. Kh1 Re8 18. Kg1 Rf8 19. Kh1 Re8 20. Kg1 Rf8 21. Kh1 Re8 22. Nce2 Bd7 23. Nc3 Bc8 24. Nce2 Bd7 25. Nc3 Bc8 26. Nce2 Bd7 27. c4 Rac8 28. b3 Qb8 29. Qd2 Red8 30. Rfd1 Be8 31. Rf1 Bd7 32. Rfd1 Be8 33. Rf1 Bd7 34. Rfd1 Be8 35. Qe1 b5 36. cxb5 axb5 37. a4 Nxd4 38. Nxd4 d5 39. Ne2 Nxe4 0-1

[Event "12th KIIT International 2019"]
[Site "Odisha"]
[Date "2019.05.31"]
[Round "1"]
[White "Aditya Bikram Paul"]
[Black "Kostenko, Petr"]
[Result "0-1"]
[ECO "A95"]
[WhiteElo "1807"]
[BlackElo "2450"]
[Annotator "ChessBase"]
[PlyCount "278"]
[EventDate "2019.05.31"]
[EventType "swiss"]
[EventCountry "IND"]
[SourceTitle "playchess.com"]
[Source "ChessBase"]
[SourceQuality "1"]
[TimeControl "40/5400+30:1800+30"]

1. c4 f5 2. g3 Nf6 3. Bg2 e6 4. Nf3 Be7 5. O-O O-O 6. d4 d5 7. Nc3 c6 8. Ne5 Nbd7 9. cxd5 exd5 10. Nd3 Ne4 11. f3 Nd6 12. Bf4 Nf6 13. b3 Nf7 14. Qd2 Nh5 15. Qd1 Nf6 16. Qd2 Nh5 17. Be3 Nd6 18. Bf4 Nf7 19. Be3 Nd6 20. Bf2 Nf6 21. Be3 Nh5 22. Bf2 Nf6 23. Be3 Nh5 24. Bf2 Nf6 25. Be3 Nh5 26. Bf2 Nf6 27. Ne5 Be6 28. Rac1 Qe8 29. Na4 Rd8 30. Nc5 Bc8 31. Na4 Be6 32. Nc5 Bc8 33. a4 Kh8 34. Ncd3 Rg8 35. Nc5 Rf8 36. Ncd3 Rg8 37. Qa5 Nf7 38. Qd2 Nd6 39. Qa5 a6 40. Qd2 Nf7 41. Nc5 Nd6 42. Ncd3 g5 43. Qb2 Rg7 44. Be1 Qh5 45. h3 Rdg8 46. Bb4 Rd8 47. Be1 Rdg8 48. Bb4 Rd8 49. Be1 Rdg8 50. Bb4 Rd8 51. Be1 Rdg8 52. Bb4 Qe8 53. Kh2 h5 54. Bd2 Bd8 55. Bb4 Be7 56. Bd2 Bd8 57. Rce1 Bc7 58. Nc5 Bd8 59. Ncd3 Bc7 60. Nc5 Bd8 61. Ncd3 Bc7 62. Nc5 Bd8 63. Ncd3 Bc7 64. Nc5 Bd8 65. Ncd3 Bc7 66. Nc5 Bd8 67. Ncd3 Bc7 68. Nc5 Nf7 69. e4 h4 70. exf5 hxg3+ 71. Kg1 Bxf5 72. Ng4 Qd8 73. Nxb7 Qc8 74. Nxf6 Qxb7 75. Nxg8 Kxg8 76. Re8+ Kh7 77. Ree1 Kg8 78. Re8+ Kh7 79. Rfe1 {[%emt 0:01:00] Kh8 Rf1+ Kh7 Rfe1} Bd6 80. Rf1 Bc7 81. Rfe1 Bd6 82. Rf1 Bc7 83. Rfe1 Bd6 84. Rf1 Bc7 85. Rfe1 Bd6 86. Qc3 Bc7 87. Qb2 Bd6 88. Qc3 Bc7 89. Qb2 Bd6 90. Qc3 Rg6 91. Bf1 Rg7 92. Bg2 Rg6 93. Bf1 Rg7 94. Bg2 Rg6 95. Bf1 Rg7 96. Bg2 Rg6 97. Bf1 Nh6 98. Bg2 Nf7 99. Bf1 Nh6 100. Bd3 Nf7 101. Bf1 Nh6 102. Bd3 Qf7 103. Bf1 Qb7 104. Bd3 Qf7 105. Qc2 Qb7 106. Qc3 Qf7 107. Qc2 Kg7 108. Qc3 Kh7 109. Qc2 Kg7 110. R8e5 Kh7 111. Re8 Kg7 112. R8e5 Bxe5 113. Rxe5 Bxd3 114. Qxd3 Qd7 115. Kg2 Nf7 116. Re1 Rh6 117. Rh1 Re6 118. Re1 Rg6 119. Rh1 Re6 120. Re1 Nd6 121. Rh1 Nf7 122. Re1 Nd6 123. Re5 Rxe5 124. dxe5 Nf7 125. f4 gxf4 126. Bxf4 Qe6 127. Qxg3+ Kf8 128. h4 Qf5 129. Qf3 Qe6 130. Qg3 Qf5 131. Qf3 Ke7 132. h5 Nxe5 133. Bxe5 Qxe5 134. Kh3 a5 135. Kh4 Qf6+ 136. Kh3 Qe5 137. Kh4 Qf6+ 138. Kh3 Qe5 139. Kh4 Qf6+ 0-1

[Event "12th KIIT International 2019"]
[Site "Odisha"]
[Date "2019.05.31"]
[Round "1"]
[White "Atri Chattopadhyay"]
[Black "Lugovskoy, Maxim"]
[Result "0-1"]
[ECO "C01"]
[WhiteElo "1801"]
[BlackElo "2445"]
[Annotator "ChessBase"]
[PlyCount "64"]
[EventDate "2019.05.31"]
[EventType "swiss"]
[EventCountry "IND"]
[SourceTitle "playchess.com"]
[Source "ChessBase"]
[SourceQuality "1"]
[TimeControl "40/5400+30:1800+30"]

1. e4 e6 2. d4 d5 3. exd5 exd5 4. Bd3 Nc6 5. c3 Bd6 6. Ne2 Nge7 7. Bf4 Bg4 8. Qd2 Ng6 9. Bxd6 Qxd6 10. Qe3+ Nce7 11. f3 Bd7 12. Nd2 O-O-O 13. O-O-O Rhe8 14. Qf2 Bf5 15. Nb3 Bxd3 16. Rxd3 h5 17. g3 Nf5 18. Re1 Re7 19. Na1 Qa6 20. Kc2 Rde8 21. Kd2 Ne3 22. Rxe3 Rxe3 23. Qxe3 Rxe3 24. Kxe3 Qa5 25. a3 Qxa3 26. Nc2 Qxb2 27. Nb4 a5 28. Nd3 Qa3 29. Kd2 Qa2+ 30. Kd1 b6 31. h4 a4 32. Nec1 Qg2 0-1

[Event "12th KIIT International 2019"]
[Site "Odisha"]
[Date "2019.05.31"]
[Round "1"]
[White "Pawar, Harshit"]
[Black "Das, Sayantan"]
[Result "0-1"]
[ECO "B23"]
[WhiteElo "1789"]
[BlackElo "2416"]
[Annotator "ChessBase"]
[PlyCount "79"]
[EventDate "2019.05.31"]
[EventType "swiss"]
[EventCountry "IND"]
[SourceTitle "playchess.com"]
[Source "ChessBase"]
[SourceQuality "1"]
[TimeControl "40/5400+30:1800+30"]

1. e4 c5 2. Nc3 d6 3. f4 Nc6 4. Nf3 g6 5. Bc4 Bg7 6. d3 e6 7. O-O Nge7 8. Qe1 O-O 9. f5 d5 10. Bb3 c4 11. dxc4 d4 12. f6 Bxf6 13. e5 Bg7 14. Ne4 Nxe5 15. Nxe5 Bxe5 16. Bh6 Nf5 17. Bxf8 Qxf8 18. Ng5 Bc7 19. Rxf5 gxf5 20. Qh4 Qg7 21. Nf3 Bd7 22. Kh1 Bb6 23. Qe7 Bc6 24. c5 Bd8 25. Qd6 Bf6 26. Bc4 Kh8 27. Qf4 Rg8 28. Rg1 Qg4 29. Qxg4 fxg4 30. Nd2 Rg5 31. b4 Rh5 32. Re1 a6 33. Kg1 Kg7 34. Bd3 Be5 35. g3 Bxg3 36. Re2 Bf4 37. Nf1 e5 38. Be4 Rh3 39. Bxc6 bxc6 40. Kg2 0-1

[Event "12th KIIT International 2019"]
[Site "Odisha"]
[Date "2019.06.01"]
[Round "2.5"]
[White "Petrosyan, Manuel"]
[Black "Vignesh N"]
[Result "1-0"]
[ECO "D32"]
[WhiteElo "2573"]
[BlackElo "1946"]
[Annotator "RC"]
[PlyCount "53"]
[EventDate "2019.01.18"]
[EventType "swiss"]
[EventCountry "IND"]
[SourceTitle "playchess.com"]
[Source "ChessBase"]
[SourceQuality "1"]
[TimeControl "5400+30"]

1. Nf3 Nf6 2. c4 c5 3. Nc3 Nc6 4. e3 e6 5. d4 d5 6. cxd5 exd5 7. Bb5 a6 8. Bxc6+ bxc6 9. O-O Bd6 10. h3 O-O 11. b3 Ne4 12. Bb2 Qf6 13. dxc5 Nxc5 14. Na4 Qg6 15. Nxc5 Bxh3 16. Nh4 Qg5 17. Ne4 Qxh4 18. Nxd6 Rad8 19. Qf3 Bg4 20. Qf4 Qh5 21. f3 Be6 22. Nb7 Rb8 23. Nc5 a5 24. Rac1 Rb4 25. Bd4 Qg6 26. Kf2 Re8 27. Qg3 1-0

[Event "12th KIIT International 2019"]
[Site "Odisha"]
[Date "2019.06.01"]
[Round "2.6"]
[White "Souradip Deb"]
[Black "Debashis, Das"]
[Result "1/2-1/2"]
[ECO "A07"]
[WhiteElo "1971"]
[BlackElo "2544"]
[Annotator "ChessBase"]
[PlyCount "61"]
[EventDate "2019.01.18"]
[EventType "swiss"]
[EventCountry "IND"]
[SourceTitle "playchess.com"]
[Source "ChessBase"]
[SourceQuality "1"]
[TimeControl "5400+30"]

1. Nf3 Nf6 2. g3 d5 3. Bg2 c6 4. O-O Bg4 5. d3 Nbd7 6. h3 Bh5 7. Nbd2 e5 8. e4 dxe4 9. dxe4 Bc5 10. Qe1 O-O 11. a4 a5 12. Nc4 Qc7 13. Bd2 b6 14. Nh4 Ne8 15. Kh1 f6 16. Nf5 Nd6 17. Ncxd6 Bxd6 18. f4 Bc5 19. g4 Bg6 20. g5 Rae8 21. Qg3 fxg5 22. fxg5 Rf7 23. h4 Rff8 24. Qg4 Bf7 25. b3 Bb4 26. Be3 Be6 27. Qg3 Bc5 28. Bd2 Bb4 29. Be3 Bc5 30. Bd2 Bb4 31. Be3 1/2-1/2

[Event "12th KIIT International 2019"]
[Site "Odisha"]
[Date "2019.06.01"]
[Round "2.7"]
[White "Burmakin, Vladimir"]
[Black "Sanskriti Goyal"]
[Result "1-0"]
[ECO "A30"]
[WhiteElo "2526"]
[BlackElo "1951"]
[Annotator "ChessBase"]
[PlyCount "147"]
[EventDate "2019.01.18"]
[EventType "swiss"]
[EventCountry "IND"]
[SourceTitle "playchess.com"]
[Source "ChessBase"]
[SourceQuality "1"]
[TimeControl "5400+30"]

1. Nf3 Nf6 2. g3 b6 3. Bg2 Bb7 4. O-O e6 5. c4 c5 6. Nc3 Be7 7. d4 cxd4 8. Qxd4 d6 9. Rd1 a6 10. Bg5 Nbd7 11. Rac1 h6 12. Be3 O-O 13. Qd2 Rc8 14. b3 Nc5 15. Bd4 Qc7 16. Qb2 Qb8 17. Nb1 b5 18. Nbd2 Rfd8 19. Bc3 Nce4 20. Ba5 Rf8 21. Nxe4 Nxe4 22. Nd4 Bf6 23. Qb1 Nc5 24. Bxb7 Qxb7 25. Nf3 Ne4 26. Qd3 bxc4 27. bxc4 Qc6 28. Nd4 Qa4 29. Be1 d5 30. f3 Nc5 31. Qc2 Qxc2 32. Rxc2 dxc4 33. Rxc4 Rfd8 34. Ba5 Rd7 35. Bb6 e5 36. Rxc5 Rxc5 37. Bxc5 exd4 38. Kf1 Rd5 39. Bb6 Rd6 40. Ba5 Rc6 41. Rd3 Rc1+ 42. Kf2 Rc2 43. Rd2 Rc4 44. f4 g5 45. Kf3 gxf4 46. gxf4 Kg7 47. Bb6 Kg6 48. Ke4 d3+ 49. Kxd3 Rxf4 50. e3 Ra4 51. Bd4 Bxd4 52. exd4 f5 53. d5 Kf6 54. Re2 Rb4 55. Re6+ Kg5 56. d6 Rb1 57. Kc4 Rd1 58. Kc5 f4 59. Re8 f3 60. Rf8 Kg4 61. Kc6 Rc1+ 62. Kb7 Rd1 63. Kc7 Rc1+ 64. Kd8 Rc2 65. d7 f2 66. Ke7 Re2+ 67. Kd6 Rd2+ 68. Kc6 Rc2+ 69. Kb6 Rd2 70. Rxf2 Rxd7 71. Kxa6 Rd1 72. Rb2 h5 73. a4 h4 74. a5 1-0

[Event "12th KIIT International 2019"]
[Site "Odisha"]
[Date "2019.06.01"]
[Round "2.8"]
[White "Adane, Narayani"]
[Black "Malakhatko, Vadim"]
[Result "1/2-1/2"]
[ECO "C10"]
[WhiteElo "1940"]
[BlackElo "2505"]
[Annotator "ChessBase"]
[PlyCount "44"]
[EventDate "2019.01.18"]
[EventType "swiss"]
[EventCountry "IND"]
[SourceTitle "playchess.com"]
[Source "ChessBase"]
[SourceQuality "1"]
[TimeControl "5400+30"]

1. e4 e6 2. d4 d5 3. Nc3 h6 4. exd5 exd5 5. Bd3 c6 6. Nge2 Nf6 7. Bf4 Be7 8. O-O Nbd7 9. Ng3 g6 10. Re1 Kf8 11. Qd2 h5 12. Bh6+ Kg8 13. Nf5 Bf8 14. Bxf8 Nxf8 15. Ne7+ Kg7 16. Nxc8 Rxc8 17. Ne2 h4 18. Nf4 Nh5 19. c3 Qf6 20. Nxh5+ Rxh5 21. Be2 Kh8 22. Bg4 Rc7 1/2-1/2

[Event "12th KIIT International 2019"]
[Site "Odisha"]
[Date "2019.06.01"]
[Round "2.10"]
[White "Samal Ansuman"]
[Black "Rahman, Ziaur"]
[Result "0-1"]
[ECO "B25"]
[WhiteElo "1939"]
[BlackElo "2481"]
[Annotator "ChessBase"]
[PlyCount "108"]
[EventDate "2019.01.18"]
[EventType "swiss"]
[EventCountry "IND"]
[SourceTitle "playchess.com"]
[Source "ChessBase"]
[SourceQuality "1"]
[TimeControl "5400+30"]

1. e4 c5 2. Nc3 a6 3. a4 Nc6 4. g3 g6 5. Bg2 Bg7 6. d3 d6 7. f4 Nf6 8. Nf3 O-O 9. O-O Rb8 10. h3 b5 11. axb5 axb5 12. g4 b4 13. Ne2 Bb7 14. Ng3 Qc7 15. Rb1 Ra8 16. Qe1 Nd7 17. Qf2 Nf6 18. Qe1 Nd7 19. Qf2 Nf6 20. Qe1 Nd7 21. Qf2 Ra2 22. g5 Ba6 23. Rd1 Nd4 24. Nh2 Nc6 25. Nf3 Nd4 26. Nh2 Bb5 27. Be3 Ba4 28. Rd2 b3 29. c3 Nc2 30. f5 Nxe3 31. Qxe3 Ne5 32. Bf1 Bb5 33. Rf2 Ba4 34. Rd2 Bb5 35. Rf2 Rfa8 36. Be2 Qa7 37. Kg2 Qa6 38. c4 Bd7 39. f6 exf6 40. gxf6 Bf8 41. Nf3 Qc8 42. Ng1 Qa6 43. Nf3 Qc8 44. Ng1 Ra1 45. Rff1 Rxb1 46. Rxb1 Nc6 47. Nf3 Bxh3+ 48. Kf2 Ne5 49. Nxe5 dxe5 50. Qg5 Qd8 51. Qxe5 Ra6 52. Ke1 Rxf6 53. Qd5 Qa5+ 54. Kd1 Bh6 {[%emt 0:00:15] Ke1 [%clk 0:00:33] Bf8+ [%clk 0:29:45] Kd1 [%clk 0:00:56] Bh6 [%clk 0:30:00] Ke1 [%clk 0:00:33] Bf8+ [%clk 0:29:45] Kd1 [%clk 0:00:56] Bh6 [%clk 0:30:00] Ke1 [%clk 0:00:33] Bf8+ [%clk 0:29:45] Kd1 [%clk 0:00:56] Bh6 [%clk 0:30:00] Ke1 [%clk 0:00:33] Bf8+ [%clk 0:29:45] Kd1 [%clk 0:00:56] Bh6 [%clk 0:30:00] Ke1 [%clk 0:00:33] Bf8+ [%clk 0:29:45] Kd1 [%clk 0:00:56] Bh6 [%clk 0:30:00] Ke1 [%clk 0:00:33] Bf8+ [%clk 0:29:45] Kd1 [%clk 0:00:56] Bh6 [%clk 0:30:00]} 0-1

[Event "12th KIIT International 2019"]
[Site "Odisha"]
[Date "2019.06.01"]
[Round "2.11"]
[White "Vasquez Schroeder, Rodrigo"]
[Black "Karthik Sai Ch"]
[Result "1-0"]
[ECO "D46"]
[WhiteElo "2476"]
[BlackElo "1963"]
[Annotator "ChessBase"]
[PlyCount "89"]
[EventDate "2019.01.18"]
[EventType "swiss"]
[EventCountry "IND"]
[SourceTitle "playchess.com"]
[Source "ChessBase"]
[SourceQuality "1"]
[TimeControl "5400+30"]

1. d4 d5 2. c4 c6 3. Nf3 Nf6 4. Nc3 e6 5. e3 Nbd7 6. Bd3 dxc4 7. Bxc4 b5 8. Bd3 Bd6 9. O-O O-O 10. a3 a5 11. Qc2 Bb7 12. Bd2 Rc8 13. Rfc1 b4 14. axb4 axb4 15. Ne4 Nxe4 16. Bxe4 f5 17. Bd3 c5 18. Qb3 Rf6 19. Bc4 Nf8 20. d5 e5 21. e4 f4 22. Ra7 Rc7 23. Nxe5 Qb8 24. Rxb7 Qxb7 25. Ng4 Rg6 26. e5 Rxg4 27. exd6 Rf7 28. Be2 Rg6 29. Bh5 Nd7 30. Bxg6 hxg6 31. Re1 Qb8 32. Re6 Nf8 33. h4 Qb5 34. Re4 g5 35. hxg5 Ra7 36. Bxf4 Ra1+ 37. Kh2 Qf1 38. Qf3 Ng6 39. Be3 Qh1+ 40. Kg3 Ra7 41. Re8+ Kh7 42. Qg4 c4 43. Bxa7 c3 44. b3 c2 45. Be3 1-0

[Event "12th KIIT International 2019"]
[Site "Odisha"]
[Date "2019.06.01"]
[Round "2.12"]
[White "Rakshith Srinivasan"]
[Black "Nguyen, Van Huy"]
[Result "0-1"]
[ECO "B19"]
[WhiteElo "1935"]
[BlackElo "2456"]
[Annotator "ChessBase"]
[PlyCount "66"]
[EventDate "2019.01.18"]
[EventType "swiss"]
[EventCountry "IND"]
[SourceTitle "playchess.com"]
[Source "ChessBase"]
[SourceQuality "1"]
[TimeControl "5400+30"]

1. e4 c6 2. d4 d5 3. Nc3 dxe4 4. Nxe4 Bf5 5. Ng3 Bg6 6. h4 h6 7. Nf3 Nd7 8. h5 Bh7 9. Bd3 Bxd3 10. Qxd3 e6 11. Bd2 Ngf6 12. O-O-O Be7 13. Ne4 Qb6 14. c4 Nxe4 15. Qxe4 Qa6 16. Ne5 Qxa2 17. Qg4 Bf6 18. Bc3 Bxe5 19. dxe5 O-O-O 20. Qxg7 Nc5 21. Qxf7 Rdf8 22. Qg7 Rhg8 23. Qh7 Nb3+ 24. Kc2 Rxf2+ 25. Rd2 Rxd2+ 26. Bxd2 Rxg2 27. Rd1 Nxd2 28. Qh8+ Kc7 29. Qh7+ Kb6 30. c5+ Ka5 31. Ra1 Qxa1 32. Qd3 Nc4+ 33. Kb3 Qxb2+ 0-1

[Event "12th KIIT International 2019"]
[Site "Odisha"]
[Date "2019.06.01"]
[Round "2.14"]
[White "Avinash Ramesh"]
[Black "Laxman, R.R."]
[Result "0-1"]
[ECO "C54"]
[WhiteElo "1823"]
[BlackElo "2437"]
[Annotator "ChessBase"]
[PlyCount "48"]
[EventDate "2019.01.18"]
[EventType "swiss"]
[EventCountry "IND"]
[SourceTitle "playchess.com"]
[Source "ChessBase"]
[SourceQuality "1"]
[TimeControl "5400+30"]

1. e4 e5 2. Nf3 Nc6 3. Bc4 Bc5 4. c3 Nf6 5. d3 a6 6. O-O Ba7 7. Bb3 O-O 8. h3 d5 9. Qe2 Re8 10. Bg5 dxe4 11. dxe4 h6 12. Rd1 Qe7 13. Be3 Bxe3 14. Qxe3 Na5 15. Bc2 Nc4 16. Qc1 Nd6 17. Qe3 Nc4 18. Qc1 Nh5 19. b3 Nf4 20. Re1 Bxh3 21. g3 Qf6 22. Nxe5 Nxe5 23. Qxf4 Qxf4 24. gxf4 Nf3+ 0-1

[Event "12th KIIT International 2019"]
[Site "Odisha"]
[Date "2019.06.01"]
[Round "2.15"]
[White "Lugovskoy, Maxim"]
[Black "Manish Kumar (2006)"]
[Result "0-1"]
[ECO "C47"]
[WhiteElo "2451"]
[BlackElo "1973"]
[Annotator "ChessBase"]
[PlyCount "74"]
[EventDate "2019.01.18"]
[EventType "swiss"]
[EventCountry "IND"]
[SourceTitle "playchess.com"]
[Source "ChessBase"]
[SourceQuality "1"]
[TimeControl "5400+30"]

1. e4 e5 2. Nf3 Nc6 3. Nc3 Nf6 4. d4 exd4 5. Nxd4 Bb4 6. Nxc6 bxc6 7. Bd3 d5 8. exd5 cxd5 9. O-O O-O 10. h3 c5 11. Qf3 Be6 12. Rd1 Qe7 13. Bf1 h6 14. Bf4 Rad8 15. Nb5 Ba5 16. c3 Bb6 17. Bd3 a6 18. Na3 c4 19. Bc2 d4 20. Re1 dxc3 21. Nxc4 cxb2 22. Rab1 Bd4 23. Nxb2 Qc5 24. Bb3 Bxb3 25. axb3 Qf5 26. Nc4 Nd5 27. Be3 Qxf3 28. gxf3 Nb4 29. Red1 Nc6 30. Kg2 Bf6 31. Nd6 Be7 32. Nf5 Bf6 33. Rdc1 Ne5 34. Rc7 Rfe8 35. Ra7 Re6 36. Re1 Rd7 37. Ra8+ Kh7 0-1

[Event "12th KIIT International 2019"]
[Site "Odisha"]
[Date "2019.06.01"]
[Round "2.16"]
[White "Kadam Om Manish"]
[Black "Khusenkhojaev, Muhammad"]
[Result "0-1"]
[ECO "C99"]
[WhiteElo "1979"]
[BlackElo "2446"]
[Annotator "ChessBase"]
[PlyCount "53"]
[EventDate "2019.01.18"]
[EventType "swiss"]
[EventCountry "IND"]
[SourceTitle "playchess.com"]
[Source "ChessBase"]
[SourceQuality "1"]
[TimeControl "5400+30"]

1. e4 e5 2. Nf3 Nc6 3. Bb5 a6 4. Ba4 Nf6 5. O-O Be7 6. Re1 b5 7. Bb3 d6 8. c3 O-O 9. h3 Na5 10. Bc2 c5 11. d4 Qc7 12. Nbd2 cxd4 13. cxd4 Bb7 14. Nf1 Rfc8 15. Bd3 Nc6 16. Ng3 Nb4 17. Bg5 h6 18. Rc1 Qd8 19. Rxc8 Rxc8 20. Bxf6 Bxf6 21. Bb1 exd4 22. Qd2 Nc6 23. Nf5 Ne5 24. N5xd4 Nc4 25. Qe2 Qb6 26. Rd1 Re8 27. Nf5 0-1

[Event "12th KIIT International 2019"]
[Site "Odisha"]
[Date "2019.06.01"]
[Round "2.17"]
[White "Shyaamnikhil P"]
[Black "Jayachandra Srinivas Vellanki"]
[Result "1-0"]
[ECO "B39"]
[WhiteElo "2434"]
[BlackElo "1893"]
[Annotator "ChessBase"]
[PlyCount "57"]
[EventDate "2019.01.18"]
[EventType "swiss"]
[EventCountry "IND"]
[SourceTitle "playchess.com"]
[Source "ChessBase"]
[SourceQuality "1"]
[TimeControl "5400+30"]

1. Nf3 g6 2. e4 c5 3. c4 Bg7 4. d4 cxd4 5. Nxd4 Nc6 6. Be3 Nf6 7. Nc3 Ng4 8. Qxg4 Nxd4 9. Qd1 Nc6 10. Qd2 O-O 11. Be2 d6 12. O-O Be6 13. Rac1 Qa5 14. Rfd1 Rfc8 15. f4 a6 16. b3 b5 17. Nd5 Qxd2 18. Rxd2 Bxd5 19. exd5 Na5 20. Rdc2 bxc4 21. b4 Nb7 22. Rxc4 Rcb8 23. Rc7 Bf6 24. Bg4 Nd8 25. Rc8 e6 26. dxe6 fxe6 27. Bxe6+ Kg7 28. R1c7+ Kh8 29. Bd5 1-0